 Dungeon Crawl Stone Soup version 0.25-a0-503-ge281fa6 (webtiles) character file.

Game seed: 14575490881305817164, levelgen mode: deterministic

1840 15 the Ruffian (level 8, 66/66 HPs)
             Began as a Green Draconian Transmuter on Feb 13, 2020.
             Was an Initiate of Sif Muna.
             Quit the game on level 7 of the Dungeon.
             The game lasted 00:19:26 (6881 turns).

15 the Ruffian (Green Draconian Transmuter)         Turns: 6881, Time: 00:19:26

Health: 66/66      AC:  6    Str: 13 (15) XL:     8   Next: 87%
Magic:  14/14      EV: 13    Int: 13 (14) God:    Sif Muna [......]
Gold:   319        SH:  0    Dex:  7 (11) Spells: 1/15 levels left

rFire    . . .     SeeInvis .     - Unarmed
rCold    . . .     Gourm    .   (no shield)
rNeg     . . .     Faith    .   (armour unavailable)
rPois    +         Spirit   .   (helmet restricted)
rElec    .         Reflect  .   (no cloak)
rCorr    .         Harm     .   (no gloves)
MR       .....                  (no boots)
Stlth    +.........             (no amulet)
HPRegen  0.21/turn              (no ring)
MPRegen  0.14/turn              j - ring of wizardry

@: lightly drained
A: breathe noxious fumes, unfitting armour, deterioration 1, poison resistance,
cold-blooded, AC +6
a: Breathe Noxious Fumes, Renounce Religion


You were on level 7 of the Dungeon.
You worshipped Sif Muna.
Sif Muna was noncommittal.
You were not hungry.

You visited 2 branches of the dungeon, and saw 8 of its levels.
You also visited: Sewer.

You collected 319 gold pieces.

Inventory:

Missiles
 a - 45 arrows
Jewellery
 j - a ring of wizardry (right hand)
Wands
 b - a wand of acid (1)
Scrolls
 f - a scroll of teleportation
 g - a scroll of blinking
 h - a scroll of fear
 m - 3 scrolls of enchant weapon
 n - a scroll of fog
 s - a scroll of amnesia
Potions
 d - 2 potions of lignification
 e - a potion of resistance
 i - a potion of flight
 k - a potion of agility
 l - 2 potions of might
 o - a potion of curing
Comestibles
 c - 6 rations
 p - 2 chunks of flesh


   Skills:
 * Level 4.2(4.0) Fighting
 * Level 4.6(4.4) Dodging
 + Level 1.7(1.5) Stealth
 + Level 7.4(7.2) Unarmed Combat
 * Level 4.1(3.9) Spellcasting
 * Level 4.2(4.0) Transmutations
 * Level 1.3(1.2) Ice Magic
 * Level 1.8(1.6) Poison Magic
 * Level 1.7(1.5) Invocations
 * Level 1.3(1.1) Evocations


You had one spell level left.
You knew the following spells:

 Your Spells              Type           Power        Failure   Level  Hunger
a - Beastly Appendage     Tmut           ##....       1%          1    None
b - Sticks to Snakes      Tmut           ##......     2%          2    ##.....
c - Spider Form           Tmut/Pois      ##........   8%          3    ###....
d - Ice Form              Ice/Tmut       #.......     26%         4    ####...
e - Frozen Ramparts       Ice            #.....       16%         3    ###....
f - Animate Skeleton      Necr           N/A          9%          1    None

Your spell library contained the following spells:

 Spells                   Type           Power        Failure   Level  Hunger
 Freeze                   Ice            #...         5%          1    None
 Pain                     Necr           #...         9%          1    None
 Ozocubu's Armour         Chrm/Ice       #.......     19%         3    ###....
 Vampiric Draining        Necr           #.........   26%         3    ###....
 Blade Hands              Tmut           ##........   38%         5    ######.
 Hailstorm                Conj/Ice       #.......     52%         4    ####...
 Summon Ice Beast         Ice/Summ       #.......     52%         4    ####...
 Animate Dead             Necr           N/A          61%         4    ####...
 Agony                    Necr           #.......     90%         5    ######.


Dungeon Overview and Level Annotations

Branches:
Dungeon (7/15)             Temple (1/1) D:6           Sewer (visited)

Altars:
Ashenzari
Cheibriados
Dithmenos
Elyvilon
Fedhas
Gozag
Hepliaklqana
Kikubaaqudgha
Makhleb
Nemelex Xobeh
Okawaru
Qazlal
Ru
Sif Muna
Trog
Uskayaw
Vehumet
Wu Jian
Xom
Yredelemnul
Zin
The Shining One

Shops:
D:4 (

Annotations:
D:4 3 runed translucent doors, mojowtm's ghost, amateur CeHu


Innate Abilities, Weirdness & Mutations

You can breathe blasts of noxious fumes.
Your lurid green scales are hard. (AC +6)
You cannot fit into any form of body armour.
Your system is resistant to poisons. (rPois)
You are cold-blooded and may be slowed by cold attacks.
Your body sometimes deteriorates upon taking damage.


Message History

Sif Muna accepts your kill.
Your transformation is almost over.
There is an open door here.
You closely miss the quokka. Your kick misses the quokka.
The quokka bites you but does no damage.
You closely miss the quokka. You claw the quokka.
You kill the quokka!
Sif Muna accepts your kill.
No target in view!
No target in view!
You see here a worker ant corpse.
You butcher the worker ant corpse.
p - 3 chunks of flesh Eating one of 3 chunks of flesh.
You eat one of the 3 chunks of flesh.
This raw flesh tastes terrible.
Your extra speed is starting to run out.
Your talons disappear.
You feel yourself slow down.
The orc wizard is too close now for your liking.
Are you sure you want to abandon this character and quit the game? (Confirm with "yes".)

#.# #.#... #.# ####.#... #
#.# ##....#... #o #.#
#...###..# #.. #.# #...#
#... #... #.# #...# #.##
#.... #.# #...###.##
......###.#####.........
.......@.............###
...........................#
.....#....##############...#
(....#...r# #...# .........#
#..... ...o...# #...### .
#.....# #...# ... #.S...#
.... ###..#a....#


You could see an orc wizard (wandering).

Vanquished Creatures
  Grinder (D:6)
  Eustachio (D:6)
  An ice beast (D:5)
  A centaur (D:5)
  An ogre (D:4)
  A bullfrog (D:6)
  4 big kobolds (Sewer)
  A scorpion (D:5)
  A howler monkey (D:5)
  2 hounds
  4 orc wizards
  6 orc priests
  2 iguanas
  3 worker ants
  A hound skeleton (D:6)
  13 adders
  3 gnolls (D:5)
  2 river rats
  5 oozes
  An adder zombie (D:6)
  5 worms
  3 dart slugs (D:1)
  6 leopard geckos
  10 orcs
  7 bats
  5 giant cockroaches
  A hobgoblin (D:2)
  13 jackals
  4 quokkas
  6 ball pythons
  5 frilled lizards
  16 goblins
  10 kobolds
  16 rats
161 creatures vanquished.

Vanquished Creatures (collateral kills)
  2 adders
  An orc (D:6)
3 creatures vanquished.

Grand Total: 164 creatures vanquished

Notes
Turn   | Place    | Note
-------+----------+-------------------------------------------
     0 | D:1      | 15 the Draconian Transmuter began the quest for the Orb.
     0 | D:1      | Reached XP level 1. HP: 16/16 MP: 3/3
    92 | D:1      | Reached XP level 2. HP: 18/23 MP: 5/5
   106 | D:1      | Learned a level 2 spell: Sticks to Snakes
   680 | D:1      | Reached XP level 3. HP: 10/28 MP: 6/6
   889 | D:1      | Found a shimmering altar of Xom.
  1383 | D:2      | Reached skill level 4 in Unarmed Combat
  1645 | D:2      | Reached XP level 4. HP: 26/35 MP: 5/7
  2467 | D:3      | Reached XP level 5. HP: 33/41 MP: 4/8
  2479 | D:3      | Learned a level 3 spell: Spider Form
  2797 | D:3      | Found a glowing drain.
  2828 | Sewer    | Entered a sewer
  2937 | Sewer    | Reached skill level 5 in Unarmed Combat
  2937 | Sewer    | Reached XP level 6. HP: 33/48 MP: 5/9
  3619 | Sewer    | Reached skill level 6 in Unarmed Combat
  3756 | Sewer    | Reached skill level 1 in Stealth
  3756 | Sewer    | Your scales start taking on a lurid green colour.
  3756 | Sewer    | Reached XP level 7. HP: 47/56 MP: 8/11
  3756 | Sewer    | Gained mutation: Your system is resistant to poisons.
                  | (rPois) [Green Draconian growth]
  4277 | D:4      | Found a runed translucent gate.
  4282 | D:4      | Found a runed translucent gate.
  4282 | D:4      | Found a runed translucent gate.
  4282 | D:4      | Noticed mojowtm's ghost (amateur CeHu)
  4302 | D:4      | Found Iluti's Antique Weapon Shop.
  4338 | D:4      | Learned a level 4 spell: Ice Form
  4634 | D:5      | Entered Level 5 of the Dungeon
  5149 | D:5      | Reached XP level 8. HP: 56/63 MP: 5/13
  5226 | D:5      | Found a shimmering blue altar of Sif Muna.
  5231 | D:5      | Became a worshipper of Sif Muna the Loreminder
  5576 | D:5      | Learned a level 3 spell: Frozen Ramparts
  5593 | D:6      | Reached skill level 7 in Unarmed Combat
  5696 | D:6      | Found a stormy altar of Qazlal.
  5766 | D:6      | Got a translucent spear
  5767 | D:6      | Identified the +9 spear of the Poles {holy, *Contam +Blink
                  | rElec Int+6} (You found it on level 6 of the Dungeon)
  5768 | D:6      | Gained mutation: Your body sometimes deteriorates upon
                  | taking damage. [mutagenic glow]
  5803 | D:6      | Noticed Eustachio
  5812 | D:6      | Killed Eustachio
  5812 | D:6      | Reached skill level 1 in Poison Magic
  5812 | D:6      | Reached skill level 1 in Invocations
  5886 | D:6      | Noticed Grinder
  5899 | D:6      | Killed Grinder
  5899 | D:6      | Reached skill level 1 in Ice Magic
  5899 | D:6      | Reached skill level 1 in Evocations
  5910 | D:6      | Learned a level 1 spell: Animate Skeleton
  6189 | D:6      | Found a staircase to the Ecumenical Temple.
  6197 | Temple   | Entered the Ecumenical Temple
  6881 | D:7      | Quit the game

Levels and vault maps discovered:
D:1:      evilmike_arrival_hilbert_curve, layout_basic, xom_teletrap_fun
D:2:      layout_rooms
D:3:      layout_rooms, portal_sewer_entry_b, chequers_jeans
D:4:      layout_cave_pools, serial_shops, shop, ebering_ghost_rock_garden,
          kennysheep_nub
D:5:      layout_loops_ring, first_ration, basic_altar
D:6:      layout_layer_cave, nicolae_overflow_crystal_walls,
          minmay_temple_entry_arrows, uniq_grinder, uniq_eustachio
D:7:      layout_basic, uniq_duvessa, uniq_menkaure
Temple:   grunt_wide_crystal_templ

Skill      XL: |  1  2  3  4  5  6  7  8 |
---------------+-------------------------+-----
Dodging        | 2 3 4 |  4.6
Unarmed Combat | 4 5 6 7 |  7.4
Fighting       | 2 3 4 |  4.2
Transmutations | 3 4 |  4.2
Stealth        | 1 |  1.7
Spellcasting   | 3 4 |  4.1
Poison Magic   | 1 |  1.8
Invocations    | 1 |  1.7
Ice Magic      | 1 |  1.3
Evocations     | 1 |  1.3

Action                   |  1- 3 |  4- 6 |  7- 9 || total
-------------------------+-------+-------+-------++-------
Melee: Unarmed           |   156 |   263 |   209 ||   628
       Tailslap          |    10 |    14 |    22 ||    46
       Punch             |     4 |     1 |     3 ||     8
       Headbutt          |     3 |     8 |       ||    11
       Kick              |       |    22 |    11 ||    33
 Cast: Beastly Appendage |     6 |    22 |     6 ||    34
       Sticks to Snakes  |       |     4 |     3 ||     7
       Spider Form       |       |     5 |     5 ||    10
       Ice Form          |       |       |     1 ||     1
 Abil: Breathe Noxious F |       |       |     2 ||     2
Evoke: Wand              |       |       |     4 ||     4
  Use: Scroll            |     4 |     8 |     7 ||    19
       Potion            |       |       |     7 ||     7
 Stab: Sleeping          |     1 |       |     3 ||     4
       Distracted        |       |       |     1 ||     1
  Eat: Chunk             |     2 |     9 |    12 ||    23
Armor: Skin              |    60 |    61 |    50 ||   171
Dodge: Dodged            |   124 |   148 |   121 ||   393

Table legend:
 A = Non-vault XP
 B = Vault XP
 C = Vault XP percentage of total XP
 D = Non-vault monster count
 E = Vault monster count
 F = Vault count percentage of total count
                 A         B        C        D         E       F
            +---------+---------+-------+---------+---------+-------
      Total |    1617 |    1012 |  38.5 |     131 |      33 |  20.1
            +---------+---------+-------+---------+---------+-------
        D:1 |      60 |       0 |   0.0 |      31 |       0 |   0.0
        D:2 |     112 |       0 |   0.0 |      28 |       0 |   0.0
        D:3 |     199 |      15 |   7.0 |      20 |       3 |  13.0
        D:4 |     219 |       0 |   0.0 |      17 |       0 |   0.0
        D:5 |     669 |       0 |   0.0 |      17 |       0 |   0.0
        D:6 |     321 |     475 |  59.7 |      15 |       2 |  11.8
        D:7 |      37 |       0 |   0.0 |       3 |       0 |   0.0
      Sewer |       0 |     522 | 100.0 |       0 |      28 | 100.0
            +---------+---------+-------+---------+---------+-------
